 Dungeon Crawl Stone Soup version 0.26.1-2-gb8aa6d0cf2 (webtiles) character file.

Game seed: 276687428815751042

70 windgrace the Firebug (level 4, -5/33 HPs)
             Began as a Draconian Fire Elementalist on Feb 16, 2021.
             Was an Initiate of Vehumet.
             Killed by divine providence
             ... invoked by an orc priest
              (13 damage)
             ... on level 2 of the Dungeon.
             The game lasted 00:05:36 (1529 turns).

windgrace the Firebug (Draconian Fire Elementalist) Turns: 1529, Time: 00:05:37

Health: -5/33      AC:  6    Str: 11    XL:     4   Next: 4%
Magic:  1/8        EV: 12    Int: 16    God:    Vehumet [......]
Gold:   55         SH:  0    Dex: 17    Spells: 8/9 levels left

rFire    . . .     SeeInvis .   a - +0 hand axe
rCold    . . .     Faith    .   (no shield)
rNeg     . . .     Spirit   .   (armour unavailable)
rPois    .         Reflect  .   (helmet restricted)
rElec    .         Harm     .   (no cloak)
rCorr    .         Rampage  .   d - +0 pair of gloves
Will     .....                  (no boots)
Stlth    ++........             (no amulet)
HPRegen  0.11/turn              c - +6 ring of dexterity
MPRegen  0.11/turn              (no ring)

@: brilliant
A: unfitting armour, cold-blooded, AC +5
a: Renounce Religion


You were on level 2 of the Dungeon.
You worshipped Vehumet.
Vehumet was noncommittal.
You visited 1 branch of the dungeon, and saw 2 of its levels.

You collected 55 gold pieces.

Inventory:

Hand Weapons
 a - a +0 hand axe (weapon)
Missiles
 g - 7 poisoned darts
Armour
 d - a +0 pair of gloves (worn)
Jewellery
 c - a +6 ring of dexterity (left hand)
Scrolls
 h - a scroll of remove curse {unknown}
Potions
 b - a potion of flight {unknown}
 e - a potion of brilliance
 f - a potion of ambrosia {unknown}


   Skills:
 - Level 1.7 Dodging
 - Level 1.7 Stealth
 + Level 3.3 Spellcasting
 - Level 1.0 Conjurations
 - Level 4.0 Fire Magic


You had 8 spell levels left.
You knew the following spells:

 Your Spells              Type           Power        Failure   Level
a - Foxfire               Conj/Fire      60%          7%          1

Your spell library contained the following spells:

 Spells                   Type           Power        Failure   Level
 Conjure Flame            Conj/Fire      15%          21%         3
 Inner Flame              Hex/Fire       13%          24%         3
 Sticky Flame             Conj/Fire      15%          54%         4
 Fireball                 Conj/Fire      7%           88%         5


Dungeon Overview and Level Annotations

Branches:
Dungeon (2/15)

Altars:
Vehumet


Innate Abilities, Weirdness & Mutations

Your plain brown scales are hard. (AC +5)
You cannot fit into any form of body armour.
You are cold-blooded and may be slowed by cold attacks.


Message History

You feel a surge of power!
You conjure some foxfire!
The orc priest hits you but does no damage.
The orc priest hits your foxfire with a +0 hand axe.
The orc hits you but does no damage.
Your magical contamination has completely faded away.
You barely miss the orc priest.
The orc priest is moderately wounded.
You closely miss the orc.
The foxfire hits the orc but does no damage.
The foxfire hits the orc.
The orc is lightly wounded.
The orc priest completely misses you. The orc barely misses you.
The orc barely misses you.
You open the door. The orc closely misses you.
The orc priest calls upon Beogh to heal the orc.
The orc's wounds heal themselves!
There is an open door here.
The orc priest invokes the aid of Beogh against you.
Beogh smites you!
You die...

...............#
#..............#.#
#..............#.#
..#.##.##...####.#
....#o#.#...# #.#
....#...#...# #.#
....#..o#..## #.#
..#.##†##..# #.#
..#...#....# #@#
..#o#...##.# #o#
..#.######'#####.#
...............o.#
....#.......######
....#.[.....#
............#
............#
............#


You could see an orc priest and an orc.

Vanquished Creatures
  An orc wizard (D:2)
  A dart slug (D:1)
  4 leopard geckos (D:1)
  An orc (D:2)
  A ball python (D:1)
  8 bats
  4 giant cockroaches (D:1)
  2 goblins (D:1)
  3 hobgoblins (D:1)
  4 frilled lizards (D:1)
  2 kobolds (D:1)
  4 rats
35 creatures vanquished.

Vanquished Creatures (others)
  86 foxfires
86 creatures vanquished.

Grand Total: 121 creatures vanquished

Notes
Turn   | Place    | Note
-------+----------+-------------------------------------------
     0 | D:1      | windgrace the Draconian Fire Elementalist began the quest
                  | for the Orb.
     0 | D:1      | Reached XP level 1. HP: 14/14 MP: 3/3
   240 | D:1      | Reached XP level 2. HP: 20/20 MP: 1/5
   618 | D:1      | Reached skill level 4 in Fire Magic
   761 | D:1      | Reached XP level 3. HP: 26/26 MP: 0/6
  1456 | D:2      | Found a radiant altar of Vehumet.
  1467 | D:2      | Became a worshipper of Vehumet
  1487 | D:2      | Reached XP level 4. HP: 15/33 MP: 0/8
  1529 | D:2      | Killed from afar by an orc priest

Illustrated notes

Levels and vault maps discovered:
D:1:      dpeg_arrival_arbitrary_a, layout_basic
D:2:      layout_basic, overflow_temple_1_default, vehumet_crystals,
          minmay_distorted

Skill      XL: |  1  2  3 |
---------------+----------+-----
Fire Magic     | 4 |  4.0
Spellcasting   | 3 |  3.3
Dodging        | |  1.7
Stealth        | |  1.7
Conjurations   | |  1.0

Action                   |  1- 3 |  4- 6 || total
-------------------------+-------+-------++-------
Melee: Hand axe          |    22 |     4 ||    26
       Tailslap          |       |     1 ||     1
 Cast: Foxfire           |    47 |     3 ||    50
  Use: Potion            |       |     1 ||     1
 Stab: Sleeping          |       |     1 ||     1
Armor: Skin              |    20 |     1 ||    21
Dodge: Dodged            |    21 |     9 ||    30
